[Event "Early-Titled-Tuesday-Blitz-March-26-2024"]
[Site "Chess.com"]
[Date "2024.03.26"]
[Round "2"]
[White "Dewarfd"]
[Black "Aisen1011"]
[Result "0-1"]
[WhiteElo "2160"]
[BlackElo "2477"]
[TimeControl "180+1"]
[EndTime "8:17:09 PDT"]
[Termination "Aisen1011 won on time"]

1. c4 c5 2. Nc3 e6 3. e4 Nc6 4. g3 Bd6 5. Bg2 Nge7 6. Nge2 O-O 7. d4 cxd4 8. Nxd4 Nxd4 9. Qxd4 Bc7 10. Be3 Nc6 11.
Qd2 Ne5 12. b3 Ba5 13. a3 Qf6 14. Bd4 Nf3+ 15. Bxf3 Qxf3 16. O-O e5 17. Be3 d5 18. Qe2 Qxe2 19. Nxe2 d4 20. b4 Bc7 21. Bd2 Bh3 22.
Rfd1 Bg4 23. Re1 Bf3 24. Nc1 f5 25. exf5 e4 26. Nb3 Rad8 27. Bf4 Bxf4 28. gxf4 Rxf5 29.
Rad1 Bxd1 30. Rxd1 Rxf4 31. Rxd4 Rxd4 32. Nxd4 Rf8 33.
Kg2 Rd8 34. Nf5 Rd3 35. a4 g6 36. Ne7+ Kf7 0-1

[Event "Early-Titled-Tuesday-Blitz-March-26-2024"]
[Site "Chess.com"]
[Date "2024.03.26"]
[Round "2"]
[White "profedechess93"]
[Black "ChristopherYoo"]
[Result "0-1"]
[WhiteElo "2647"]
[BlackElo "2975"]
[TimeControl "180+1"]
[EndTime "8:17:10 PDT"]
[Termination "ChristopherYoo won by resignation"]

1. e4 e5 2. Nf3 Nc6 3. Bc4 Bc5 4. b4 Bxb4 5. c3 Be7 6. d4 Na5 7. Be2 d6 8. Qa4+ c6 9. dxe5 dxe5 10. Nxe5 Nf6 11. O-O O-O 12. Rd1 Qc7 13. Nf3 Bg4 14.
h3 Bxf3 15. Bxf3 b5 16. Qc2 Nc4 17. Bg5 Ne5 18. Be2 Ng6 19. Nd2 Nf4 20. Bf3 Rad8 21. a4 a5 22. axb5 cxb5 23. Bxf4 Qxf4 24. Rxa5 b4 25.
Rf5 Qc7 26. c4 Nd7 27. Nb3 Ne5 28. Rd5 Qxc4 29. Qb1 Nxf3+ 30. gxf3 g6 31. Nd2 Qe2 32. Rfe5 Bf6 33. Qf1 Qxf1+ 34. Nxf1 Bxe5 35. Rxe5 b3 0-1

[Event "Early-Titled-Tuesday-Blitz-March-26-2024"]
[Site "Chess.com"]
[Date "2024.03.26"]
[Round "2"]
[White "JaackCamel"]
[Black "Tugrik1969"]
[Result "0-1"]
[WhiteElo "2196"]
[BlackElo "2492"]
[TimeControl "180+1"]
[EndTime "8:17:15 PDT"]
[Termination "Tugrik1969 won by resignation"]

1. d4 d5 2. c4 e6 3. Nc3 a6 4. cxd5 exd5 5. Bf4 Nf6 6. e3 Bd6 7. Bxd6 Qxd6 8. Bd3 O-O 9. Qc2 Re8 10. Nf3 c6 11.
O-O Nbd7 12. h3 Nf8 13. Na4 Ne4 14. Bxe4 dxe4 15. Ne5 Ng6 16. Nxg6 Qxg6 17. Nb6 Bxh3 18. f4 Rad8 19. Kh2 Bf5 20. Rh1 Re6 21. Rae1 Qg4 22. Kg1 h5 23. Qf2 Red6 24. b4 a5 25. Nc4 Rd5 26.
Ne5 Rxe5 27. fxe5 axb4 28. Rf1 g6 29. Rh3 Kh7 30. Rg3 Qh4 31. Qe1 Ra8 32. Qd2 Qxg3 0-1

[Event "Early-Titled-Tuesday-Blitz-March-26-2024"]
[Site "Chess.com"]
[Date "2024.03.26"]
[Round "2"]
[White "Alexander_Donchenko"]
[Black "arenal72"]
[Result "1/2-1/2"]
[WhiteElo "2897"]
[BlackElo "2612"]
[TimeControl "180+1"]
[EndTime "8:17:18 PDT"]
[Termination "Game drawn by repetition"]

1. Nf3 d6 2. d4 g6 3. g3 Bg7 4. Bg2 Nf6 5. O-O O-O 6. b3 c5 7. c4 cxd4 8. Nxd4 a6 9. Bb2 Qc7 10. Nc3 e6 11. Rc1 Bd7 12. e4 Nc6 13. Nd5 Qd8 14. Nxc6 Bxc6 15. Nxf6+ Bxf6 16. Bxf6 Qxf6 17. Qxd6 Qb2 18. Rfd1 Rad8 19. Qxd8 Rxd8 20. Rxd8+ Kg7 21.
Rcd1 Qxa2 22. R8d3 Qc2 23. e5 Bxg2 24. Kxg2 Qe2 25.
Rd7 Qxe5 26. Re7 Kf6 27. Rdd7 Qe4+ 28. Kg1 Qe1+ 29. Kg2 Qe4+ 30. Kf1 Qb1+ 31. Ke2 Qc2+ 32. Kf3 Qf5+ 33. Ke3 Qc5+ 34. Kf4 Qxe7 35. Rxe7 Kxe7 36.
Kg5 h5 37. c5 a5 38. h4 e5 39. f3 Ke6 40. g4 f6+ 41. Kxg6 e4 42.
gxh5 exf3 43. h6 f2 44. h7 f1=Q 45. h8=Q Qg2+ 46. Kh6 Qd2+ 47. Kg7 Qd7+ 48. Kh6 Qd2+ 49. Kg7 Qd7+ 50. Kh6 Qd2+ 1/2-1/2

[Event "Early-Titled-Tuesday-Blitz-March-26-2024"]
[Site "Chess.com"]
[Date "2024.03.26"]
[Round "2"]
[White "CSB7"]
[Black "Oligan22"]
[Result "1-0"]
[WhiteElo "2776"]
[BlackElo "2407"]
[TimeControl "180+1"]
[EndTime "8:17:18 PDT"]
[Termination "CSB7 won on time"]

1. e4 c6 2. d4 d5 3. exd5 cxd5 4. Bd3 Nf6 5. h3 Qc7 6. Ne2 Nc6 7. Bf4 Qb6 8. Nbc3 e6 9. Nb5 e5 10. dxe5 Ne4 11.
O-O Be6 12. c4 O-O-O 13. Bxe4 dxe4 14. Qc2 a6 15. Nd6+ Bxd6 16. exd6 Qc5 17. b3 f5 18. Qc3 Rhg8 19. Rad1 g5 20. Be3 Qe5 21. Qxe5 Nxe5 22. Bb6 Rd7 23. c5 f4 24. Nd4 Bd5 25. Nf5 Bc6 26. Ne7+ Rxe7 27. dxe7 Nd3 28. f3 Re8 29. fxe4 Bxe4 30. Rxd3 Bxd3 31. Rd1 1-0

[Event "Early-Titled-Tuesday-Blitz-March-26-2024"]
[Site "Chess.com"]
[Date "2024.03.26"]
[Round "2"]
[White "PeshkaCh"]
[Black "KanalSzachowy"]
[Result "1-0"]
[WhiteElo "2849"]
[BlackElo "2437"]
[TimeControl "180+1"]
[EndTime "8:17:21 PDT"]
[Termination "PeshkaCh won by checkmate"]

1. e4 c5 2. b3 g6 3. Bb2 Nf6 4. e5 Nd5 5. Nf3 Bg7 6. Nc3 Nxc3 7. dxc3 Nc6 8. Qe2 O-O 9. O-O-O Qa5 10. Kb1 a6 11. h4 b5 12. h5 c4 13. hxg6 fxg6 14. Qe4 e6 15. Ng5 Rxf2 16. Rxh7 Rf5 17. Qh4 Rxg5 18.
Rxg7+ Kxg7 19. Qxg5 Qd8 20. Qf4 Qf8 21. Qxf8+ Kxf8 22. Ba3+ Kf7 23. Bd6 Bb7 24. bxc4 bxc4 25. Bxc4 Rc8 26.
Be2 Rh8 27. Bf3 Rh2 28. Be4 Rh4 29. Bf3 Rc4 30. Rf1 Rxc3 31. Bxc6+ Ke8 32. Rf8# 1-0

[Event "Early-Titled-Tuesday-Blitz-March-26-2024"]
[Site "Chess.com"]
[Date "2024.03.26"]
[Round "2"]
[White "platy3"]
[Black "ural58"]
[Result "0-1"]
[WhiteElo "2944"]
[BlackElo "2458"]
[TimeControl "180+1"]
[EndTime "8:17:22 PDT"]
[Termination "ural58 won by resignation"]

1. d4 d5 2. Nf3 Nc6 3. c3 Bf5 4. Bf4 e6 5. e3 Bd6 6. Bg3 Nf6 7. Bd3 Ne4 8. O-O Nxg3 9. hxg3 Bxd3 10. Qxd3 Qf6 11. Nbd2 e5 12. dxe5 Nxe5 13. Qxd5 O-O-O 14. Ne4 Nxf3+ 15. gxf3 Qg6 16. Qg5 Qe6 17. Rfd1 Be5 18.
Nc5 Qf6 19. Qg4+ Kb8 20. Rxd8+ Rxd8 21. Nd7+ Rxd7 22. Qxd7 a6 23. f4 Bd6 24. Rd1 h5 25.
e4 Qg6 26. e5 Bc5 27. Qd3 Qg4 28. b4 Bb6 29. c4 c6 30. c5 Bc7 31. Qd7 Qg6 32.
Qd3 Qg4 33. a4 h4 34. Kg2 hxg3 35. fxg3 g5 36. Rf1 gxf4 37. Rxf4 Qg5 38. Qf5 Qd8 39. Qxf7 Qd2+ 40. Rf2 Qxb4 41. Re2 Qxc5 42. Qf5 Bb6 43. e6 Qxf5 0-1

[Event "Early-Titled-Tuesday-Blitz-March-26-2024"]
[Site "Chess.com"]
[Date "2024.03.26"]
[Round "2"]
[White "DeTimmerman"]
[Black "KorolDimitriy75"]
[Result "1-0"]
[WhiteElo "2749"]
[BlackElo "2372"]
[TimeControl "180+1"]
[EndTime "8:17:23 PDT"]
[Termination "DeTimmerman won by checkmate"]

1. e4 c5 2. Nf3 d6 3. d4 cxd4 4. Nxd4 Nf6 5. Nc3 g6 6. h3 Bg7 7. Be3 O-O 8. g4 Nc6 9. Bg2 Bd7 10. Qd2 Rc8 11. O-O Ne5 12. b3 Qa5 13. Nce2 Qxd2 14.
Bxd2 a6 15. c4 b5 16. cxb5 axb5 17. a4 bxa4 18. bxa4 Nc4 19. Bg5 h6 20. Bh4 Na5 21.
f4 Rfe8 22. Rfb1 Nh7 23. Ra3 g5 24. Be1 gxf4 25. Bxa5 Rc4 26. Rb4 Rec8 27. Nf5 Rxb4 28. Bxb4 Bxf5 29. exf5 Rc4 30. Bc3 Ng5 31. Bxg7 Kxg7 32.
h4 f3 33. Bxf3 Nxf3+ 34. Rxf3 Rxa4 35. Rf4 Ra1+ 36. Kf2 Ra2 37. Re4 Kf6 38. Kf3 h5 39. Nf4 hxg4+ 40. Kxg4 Ra5 41. Nh5# 1-0

[Event "Early-Titled-Tuesday-Blitz-March-26-2024"]
[Site "Chess.com"]
[Date "2024.03.26"]
[Round "2"]
[White "Iball95"]
[Black "iAspet"]
[Result "1-0"]
[WhiteElo "2869"]
[BlackElo "2465"]
[TimeControl "180+1"]
[EndTime "8:17:23 PDT"]
[Termination "Iball95 won by checkmate"]

1. e4 c5 2. Nf3 d6 3. Nc3 a6 4. d4 cxd4 5. Qxd4 Nc6 6. Qd3 g6 7. Be2 Bg7 8. O-O Nf6 9. Nd5 O-O 10. c3 Bg4 11. Bg5 Nxd5 12. exd5 Bxf3 13. Qxf3 Ne5 14.
Qg3 h6 15. Be3 Qc7 16. Rad1 Nc4 17. Bc1 b5 18. Rfe1 b4 19. b3 Ne5 20. c4 a5 21.
h4 a4 22. h5 g5 23. f4 gxf4 24. Bxf4 Kh8 25. Kh1 Qc5 26. Be3 Qc8 27. Rf1 f5 28.
Bd4 axb3 29. axb3 Ra2 30. Bd3 Qe8 31. Bxf5 Qxh5+ 32. Bh3 Rxf1+ 33. Rxf1 Rd2 34. Be3 Rd1 35. Re1 Rxe1+ 36. Qxe1 Qg6 37. Qxb4 Qb1+ 38. Kh2 Nd3 39. Qb8+ Kh7 40. Bf5# 1-0

[Event "Early-Titled-Tuesday-Blitz-March-26-2024"]
[Site "Chess.com"]
[Date "2024.03.26"]
[Round "2"]
[White "Onischuk_V"]
[Black "hakanazeri2"]
[Result "1-0"]
[WhiteElo "2810"]
[BlackElo "2558"]
[TimeControl "180+1"]
[EndTime "8:17:24 PDT"]
[Termination "Onischuk_V won on time"]

1. e4 c5 2. Nf3 d6 3. d4 cxd4 4. Nxd4 Nf6 5. Nc3 a6 6. a4 g6 7. g3 Bg7 8. Bg2 O-O 9. h3 Nc6 10. Nb3 Be6 11. Nd5 Rc8 12. O-O Bxd5 13. exd5 Na5 14.
Nd4 Nd7 15. c3 Bxd4 16. cxd4 Qb6 17. Bh6 Rfe8 18. Re1 Qxb2 19. Rb1 Qc2 20. Qg4 Qf5 21. Qxf5 gxf5 22. h4 Nf6 23. Bh3 Nxd5 24. Bxf5 e6 25. Bh3 Rc4 26. Re4 f5 27. Bxf5 Nc3 28. Rg4+ Kf7 29.
Re1 Nc6 30. Bxh7 Nxd4 31. Rf4+ Ke7 32. Bd3 Rxa4 33. h5 b5 34. Bg7 e5 35. h6 Nde2+ 36.
Bxe2 exf4 37. Bh5+ 1-0

[Event "Early-Titled-Tuesday-Blitz-March-26-2024"]
[Site "Chess.com"]
[Date "2024.03.26"]
[Round "2"]
[White "Coach_Istvanovszki"]
[Black "kids2010"]
[Result "0-1"]
[WhiteElo "2527"]
[BlackElo "2795"]
[TimeControl "180+1"]
[EndTime "8:17:24 PDT"]
[Termination "kids2010 won by resignation"]

1. d4 d5 2. Nc3 Nf6 3. Bf4 g6 4. e3 Bg7 5. h4 O-O 6. h5 c5 7. hxg6 hxg6 8. Qd2 Nc6 9. O-O-O Qa5 10. Kb1 Bf5 11. Bd3 Bxd3 12. Qxd3 c4 13. Qd2 b5 14. f3 b4 15. Nce2 c3 16. Qe1 Rfc8 17.
Be5 b3 18. axb3 Nb4 19. Nxc3 Rc6 20. Bxf6 Bxf6 21. Nge2 Rac8 22. Na4 Rxc2 23. Nec3 e6 24. Rc1 Nd3 25. Qg3 Rxc1+ 26. Rxc1 Nxc1 27. Kxc1 Qb5 28. Kd2 Qxb3 29. Qd6 Qb7 30. g4 Rd8 31. Qf4 Be7 32. g5 Bb4 33. Kc2 Qc6 34. Qf6 Rc8 35. Kd1 a5 36.
Ke2 Qa6+ 37. Kf2 Qd3 38. f4 Qc2+ 39. Kf3 Qf5 40. Qxf5 gxf5 41. Nb6 Rc6 42. Nd7 Bxc3 43. bxc3 Rxc3 44. Nf6+ Kf8 45. Nd7+ Ke7 46. Nc5 Rc4 0-1

[Event "Early-Titled-Tuesday-Blitz-March-26-2024"]
[Site "Chess.com"]
[Date "2024.03.26"]
[Round "2"]
[White "WilsonPalencia21"]
[Black "Taran2004"]
[Result "0-1"]
[WhiteElo "2589"]
[BlackElo "2408"]
[TimeControl "180+1"]
[EndTime "8:17:24 PDT"]
[Termination "Taran2004 won by checkmate"]

1. d4 Nf6 2. c4 c5 3. d5 b5 4. cxb5 a6 5. bxa6 d6 6. Nc3 Bxa6 7. e4 Bxf1 8. Kxf1 g6 9. g3 Bg7 10. Kg2 O-O 11. Nf3 Nbd7 12. a4 Qb6 13. Qc2 Rfb8 14. Ra3 Ne8 15. Nb5 Nc7 16. Nxc7 Qxc7 17. b3 Qa5 18. Bd2 Qb6 19. Rb1 Ne5 20. Nxe5 Bxe5 21. b4 cxb4 22. Rxb4 Qa6 23. Rxb8+ Rxb8 24. Be3 Rb2 25.
Qc6 Qe2 26. a5 Rb1 27. Qa4 Qf1+ 28. Kf3 Qh1+ 29. Kg4 Qxh2 30. Kf3 Qh5+ 31. g4 Qh3+ 32. Ke2 Qxg4+ 33. Kd2 Qg1 34. Ke2 Rb2+ 35. Kf3 Qh1+ 36. Kg4 Qh5# 0-1

[Event "Early-Titled-Tuesday-Blitz-March-26-2024"]
[Site "Chess.com"]
[Date "2024.03.26"]
[Round "2"]
[White "JosefineHeinemann"]
[Black "HanSchut"]
[Result "1-0"]
[WhiteElo "2513"]
[BlackElo "2265"]
[TimeControl "180+1"]
[EndTime "8:17:26 PDT"]
[Termination "JosefineHeinemann won on time"]

1. e4 c5 2. c3 g6 3. d4 cxd4 4. cxd4 d5 5. e5 Nc6 6. Nc3 Nh6 7. Bb5 Bd7 8. Nf3 a6 9. Bxc6 Bxc6 10. O-O Bg7 11. Bf4 e6 12. Qd2 Nf5 13. Bg5 Qb6 14. Bf6 Bxf6 15. exf6 Qd8 16. g4 Nd6 17. Qf4 h6 18. h4 Ne4 19. Nxe4 dxe4 20. Ne5 Qd6 21. Qg3 g5 22. h5 Bd5 23. Rac1 O-O 24. Rc5 b6 25.
Rc3 Rfc8 26. Rfc1 Rxc3 27. Rxc3 Qd8 28. Qe3 Rc8 29. Qc1 Rxc3 30. Qxc3 b5 31. Qc5 Bb7 32. Qe7 1-0

[Event "Early-Titled-Tuesday-Blitz-March-26-2024"]
[Site "Chess.com"]
[Date "2024.03.26"]
[Round "2"]
[White "jaskol95"]
[Black "PepeCuenca"]
[Result "1-0"]
[WhiteElo "2479"]
[BlackElo "2749"]
[TimeControl "180+1"]
[EndTime "8:17:28 PDT"]
[Termination "jaskol95 won on time"]

1. e4 c5 2. Nf3 Nc6 3. b4 cxb4 4.
d4 d5 5. exd5 Qxd5 6. c4 Qe4+ 7. Be3 Bg4 8. Bd3 Bxf3 9. gxf3 Qh4 10. d5 Ne5 11. Qa4+ Kd8 12. Bb6+ axb6 13. Qxa8+ Kc7 14.
Be4 Nd7 15. d6+ Kxd6 16. Qxb7 e6 17. Nc3 Ngf6 18. Rd1+ Ke7 19. Bc6 bxc3 20. Bxd7 Nxd7 21. Rxd7+ Kf6 22. Rxf7+ Kg6 23. Rg1+ Kh6 24. Qc6 Qh3 25. Rg4 Bb4 26. Qxe6+ g6 27. Rxh7+ 1-0

[Event "Early-Titled-Tuesday-Blitz-March-26-2024"]
[Site "Chess.com"]
[Date "2024.03.26"]
[Round "2"]
[White "Khromkin"]
[Black "Incognizance"]
[Result "0-1"]
[WhiteElo "2437"]
[BlackElo "1910"]
[TimeControl "180+1"]
[EndTime "8:17:28 PDT"]
[Termination "Incognizance won on time"]

1. d4 Nf6 2. c4 e6 3. Nf3 Bb4+ 4. Bd2 Qe7 5. g3 O-O 6. Bg2 Bxd2+ 7. Qxd2 d6 8. Nc3 Nbd7 9. O-O c6 10. e4 e5 11.
d5 c5 12. a3 b6 13. b4 Ba6 14.
b5 Bc8 15. a4 Re8 16. a5 Bb7 17. Ra3 Nf8 18. Rfa1 h6 19. Qa2 Qd8 20. axb6 axb6 21. Rxa8 Qxa8 22. Qa7 N8d7 23. Bh3 g5 24. Bf5 Kg7 25.
h3 Rb8 26. Nh2 Qxa7 27. Rxa7 Nf8 28. Nf1 h5 29. Ne3 g4 30. hxg4 hxg4 31. Nxg4 Nxg4 32.
Bxg4 Nh7 33. Nd1 Nf6 34. Bf3 Ng8 35. Ne3 Ne7 36. Kg2 Kg6 0-1

[Event "Early-Titled-Tuesday-Blitz-March-26-2024"]
[Site "Chess.com"]
[Date "2024.03.26"]
[Round "2"]
[White "chessdjw"]
[Black "RebelJohnny"]
[Result "1-0"]
[WhiteElo "2806"]
[BlackElo "2557"]
[TimeControl "180+1"]
[EndTime "8:17:29 PDT"]
[Termination "chessdjw won by checkmate"]

1. d4 d5 2. c4 dxc4 3. Nf3 Nf6 4. e3 e6 5. Bxc4 c5 6. O-O a6 7.
Be2 Be7 8. dxc5 Bxc5 9. Qxd8+ Kxd8 10. Nfd2 b6 11. Nb3 Bd6 12. Rd1 Ke7 13. N1d2 Bb7 14. Nc4 Bc7 15. f3 Nbd7 16. e4 Rac8 17. Be3 b5 18. Nca5 Ba8 19. a4 bxa4 20. Rxa4 Bb6 21. Bxb6 Nxb6 22. Rb4 Nbd7 23. Bxa6 Rb8 24. Rb5 Rxb5 25. Bxb5 Rb8 26. Nd4 Rb6 27. b4 e5 28.
Nf5+ Kd8 29. Bxd7 Nxd7 30. Nc4 Rxb4 31. Nxe5 Rb7 32. Nxg7 Ke7 33. Nf5+ Ke6 34. Nc6 Rb2 35. Rd6# 1-0

[Event "Early-Titled-Tuesday-Blitz-March-26-2024"]
[Site "Chess.com"]
[Date "2024.03.26"]
[Round "2"]
[White "Brahianzevich"]
[Black "jakopogi"]
[Result "0-1"]
[WhiteElo "2453"]
[BlackElo "2785"]
[TimeControl "180+1"]
[EndTime "8:17:29 PDT"]
[Termination "jakopogi won by resignation"]

1. e4 e5 2. Nf3 Nc6 3. Bb5 a6 4. Ba4 Nf6 5. O-O d6 6. Re1 Bd7 7. c3 g6 8. d4 Bg7 9. Bc2 O-O 10.
Nbd2 Nh5 11. Nf1 Qe8 12. h3 f5 13. exf5 gxf5 14. dxe5 dxe5 15. Ng3 Nxg3 16. fxg3 e4 17. Nh4 Ne5 18. Rf1 Be6 19. Bf4 Rd8 20. Qc1 Nd3 21.
Bxd3 Rxd3 22. Bh6 Qe7 23. Bg5 Qc5+ 24. Kh2 Kh8 25. Rd1 Be5 26. Bf4 Rg8 27. Rxd3 exd3 28. Qd2 Bxf4 29. Qxf4 Qd5 30. Re1 d2 31. Rd1 Rd8 32.
Nf3 Qe4 33. Rxd2 Rxd2 34. Qxd2 Bd5 35. Qd4+ Kg8 36. b3 Qxd4 37. Nxd4 Be4 38. g4 fxg4 39. hxg4 Kf7 40. Kg3 c5 41. Nf3 Bb1 42. a3 a5 43.
Kf4 Ke6 44. b4 cxb4 45. cxb4 a4 46. Nd4+ Kd5 47. Nf5 b6 48. g5 Kc4 49. Nd6+ Kb3 50. Nb5 Bd3 51. Nd4+ Kxa3 52. Ke3 Bg6 53. b5 Kb2 54. Ne2 a3 55. Kd2 a2 0-1

[Event "Early-Titled-Tuesday-Blitz-March-26-2024"]
[Site "Chess.com"]
[Date "2024.03.26"]
[Round "2"]
[White "SirStrateg"]
[Black "igorknyazev"]
[Result "1-0"]
[WhiteElo "2616"]
[BlackElo "2238"]
[TimeControl "180+1"]
[EndTime "8:17:29 PDT"]
[Termination "SirStrateg won on time"]

1. d4 Nf6 2. Bg5 Ne4 3. Bf4 c5 4. e3 Qb6 5. Nc3 f5 6. Nxe4 fxe4 7. Qh5+ g6 8. Qxc5 Qxc5 9. dxc5 Bg7 10. O-O-O Na6 11.
Bxa6 bxa6 12. Ne2 Bb7 13. Bg3 Rc8 14. b4 a5 15. a3 axb4 16. axb4 a5 17. c3 Ba6 18. Nd4 axb4 19. cxb4 d6 20. Kd2 dxc5 21. Ne6 Kf7 22. Nxc5 Rhd8+ 23. Kc2 Bd3+ 24. Kb3 Rd5 25. f3 Rdxc5 26. bxc5 Rxc5 27. fxe4 Bc2+ 28. Kb4 Rc8 29. Rhf1+ Ke6 30. Rd5 Bxe4 31. Rc5 Rd8 32. Rf2 Rd1 33. Rc4 Bd5 34. Rh4 Rb1+ 35. Kc5 Rc1+ 36. Kb4 Rb1+ 37. Ka5 Ra1+ 38. Kb5 Rb1+ 39. Rb4 Bc6+ 40. Kc5 Rc1+ 41. Kb6 Bd5 42. e4 Ba8 43. Ra2 Rc8 44.
Ra6 Bc3 45. Ka7+ 1-0

[Event "Early-Titled-Tuesday-Blitz-March-26-2024"]
[Site "Chess.com"]
[Date "2024.03.26"]
[Round "2"]
[White "Meri-Arabidze"]
[Black "semchik73"]
[Result "1-0"]
[WhiteElo "2669"]
[BlackElo "2407"]
[TimeControl "180+1"]
[EndTime "8:17:29 PDT"]
[Termination "Meri-Arabidze won by resignation"]

1. Nf3 d5 2. c4 c6 3. g3 Nf6 4.
Bg2 h6 5. O-O Bf5 6. Qb3 Qb6 7.
d3 dxc4 8. Qxc4 e6 9. Nc3 Be7 10. Be3 Qa6 11. Ne5 Qxc4 12. Nxc4 Nbd7 13. Na5 Bc5 14. Bxc5 Nxc5 15. b4 Na6 16. Nxb7 Nxb4 17. Rab1 Nbd5 18. Rfc1 O-O 19. e4 Nxc3 20. Rxc3 Bg6 21.
Rxc6 Nd7 22. d4 Rab8 23. Rb3 Nb6 24. Nd6 Rfd8 25. f4 Kf8 26. e5 Nd5 27. Bxd5 exd5 28. Rxb8 Rxb8 29. Rc8+ Rxc8 30. Nxc8 a6 31. Kf2 Ke8 32.
Nb6 Be4 33. Ke3 Kd8 34. Kd2 Kc7 35. Na4 Bb1 36. a3 Kc6 37. g4 Be4 38. Nc5 Bf3 39.
Nxa6 Bxg4 40. Nb4+ Kb5 41. Nxd5 Ka4 42. Ne3 Bd7 43. Kc3 Kxa3 44. d5 Ka4 45. Kc4 Ka5 46. Kc5 Ka4 47. Kd6 Bb5 48. Ke7 f6 49. d6 Kb4 50. d7 Bxd7 51. Kxd7 fxe5 52. fxe5 1-0

[Event "Early-Titled-Tuesday-Blitz-March-26-2024"]
[Site "Chess.com"]
[Date "2024.03.26"]
[Round "2"]
[White "reevecanada"]
[Black "jcibarra"]
[Result "1/2-1/2"]
[WhiteElo "2673"]
[BlackElo "2996"]
[TimeControl "180+1"]
[EndTime "8:17:30 PDT"]
[Termination "Game drawn by repetition"]

1. b3 e5 2. Bb2 Nc6 3. e4 Nf6 4. Nf3 d6 5. d3 g6 6. Be2 Bg7 7. Nc3 O-O 8. Qd2 a6 9. h3 Nh5 10. g3 h6 11. O-O-O Be6 12. Nh4 Nf4 13. gxf4 Qxh4 14.
f5 gxf5 15. Rdg1 f4 16. Bg4 Kh8 17. Bxe6 fxe6 18. Rg6 Rf6 19. Rg4 Qh5 20. Rhg1 Rf7 21. Ne2 Raf8 22. h4 f3 23. Nf4 Rxf4 24. Rxg7 Rxh4 25.
Rxc7 Rh1 26. Rxh1 Qxh1+ 27. Qd1 Qxd1+ 28. Kxd1 h5 29. Ke1 h4 30. Kf1 Rg8 31. Rf7 Nb4 32. Rf4 Nxc2 33. Rxh4+ Kg7 34. Rh3 Rf8 35. Rg3+ Kh7 36.
Rh3+ Kg6 37. Rg3+ Kh5 38. Rh3+ Kg4 39. Rg3+ Kh4 40. Rg6 Nb4 41. Bc1 Nxd3 42. Rh6+ Kg4 43. Rg6+ Kh5 44. Rh6+ Kg4 45. Rg6+ Kh4 46. Rh6+ Kg4 1/2-1/2

[Event "Early-Titled-Tuesday-Blitz-March-26-2024"]
[Site "Chess.com"]
[Date "2024.03.26"]
[Round "2"]
[White "Kunalm64"]
[Black "Zohid6"]
[Result "1/2-1/2"]
[WhiteElo "2638"]
[BlackElo "2923"]
[TimeControl "180+1"]
[EndTime "8:17:30 PDT"]
[Termination "Game drawn by repetition"]

1. e4 e5 2. Nf3 Nf6 3. Nxe5 d6 4. Nf3 Nxe4 5. d4 d5 6. Bd3 Bd6 7. O-O O-O 8. Re1 Bf5 9. c4 c6 10. Nc3 Nxc3 11. bxc3 Bxd3 12. Qxd3 dxc4 13. Qxc4 Nd7 14. Rb1 Qc7 15. Rb2 Nf6 16. Rbe2 Nd5 17. g3 Qd7 18.
Qd3 Rfe8 19. Ng5 Nf6 20. Ne4 Nxe4 21. Rxe4 Rxe4 22. Qxe4 h6 23. Bf4 Bxf4 24. Qxf4 Re8 25. Rxe8+ Qxe8 26. Qe5 Qd8 27. h4 b5 28. Qc5 Qd7 29.
c4 bxc4 30. Qxc4 Qd5 31. Qxd5 cxd5 32. Kf1 Kf8 33. Ke2 h5 34. Ke3 f6 35. Kf4 Kf7 36. f3 Ke6 37. g4 g6 38. a3 a6 39. a4 a5 40. Kg3 Kf7 41. Kf4 Ke6 42. Kg3 Kf7 43.
f4 f5 44. g5 Ke6 45. Kf3 Kd6 46. Ke3 Kc6 47. Kd3 Kb6 48. Kc3 Kc6 49. Kd3 Kb6 50. Kc3 Kc6 51. Kd3 1/2-1/2

[Event "Early-Titled-Tuesday-Blitz-March-26-2024"]
[Site "Chess.com"]
[Date "2024.03.26"]
[Round "2"]
[White "Juicy_Fork"]
[Black "RebecaJimnz"]
[Result "1-0"]
[WhiteElo "2507"]
[BlackElo "2241"]
[TimeControl "180+1"]
[EndTime "8:17:32 PDT"]
[Termination "Juicy_Fork won by checkmate"]

1. e4 c5 2. Nf3 Nc6 3. Bb5 g6 4. O-O Bg7 5. c3 Nf6 6. Qa4 O-O 7. d4 cxd4 8. cxd4 a6 9. Re1 Ne8 10. h3 Nc7 11. Bf1 b5 12. Qd1 d5 13. e5 h5 14. Nc3 Bf5 15. Nh4 Be6 16. f4 b4 17.
Na4 Nb5 18. Be3 Bc8 19. Rc1 e6 20. Nxg6 fxg6 21. Rxc6 Bd7 22. Rc1 Qa5 23. Nc5 Bc8 24.
Qa4 Qd8 25. Qxb4 Qh4 26. a4 Nc7 27. Nd7 Bxd7 28. Rxc7 Rab8 29. Qa5 Bc8 30. Re2 Bh6 31. Rf2 Bxf4 32. Bxf4 Rxf4 33. Rxf4 Qxf4 34. Qc5 Rxb2 35. Rxc8+ Kh7 36. Qe7+ Kh6 37. Rh8# 1-0

[Event "Early-Titled-Tuesday-Blitz-March-26-2024"]
[Site "Chess.com"]
[Date "2024.03.26"]
[Round "2"]
[White "Josetricks"]
[Black "MITerryble"]
[Result "1-0"]
[WhiteElo "2699"]
[BlackElo "3007"]
[TimeControl "180+1"]
[EndTime "8:17:33 PDT"]
[Termination "Josetricks won by resignation"]

1. e4 e6 2. Nf3 d5 3. Nc3 Nf6 4. e5 Nfd7 5. d4 a6 6. Bd3 c5 7. dxc5 Nc6 8. Bf4 Nxc5 9. h4 Be7 10. h5 h6 11. Rh3 b5 12. Rg3 Bf8 13. Kf1 Bb7 14.
Kg1 b4 15. Ne2 Ne4 16. Bxe4 dxe4 17. Nd2 Ne7 18. c3 Nf5 19. Rh3 Be7 20. Qa4+ Kf8 21.
Nf1 a5 22. Ne3 Nxe3 23. Bxe3 Qe8 24. Qxe8+ Kxe8 25. Rc1 Rc8 26. Bb6 Ba6 27. Nd4 Bg5 28. Rd1 Bd3 29. Bxa5 bxc3 30. Bxc3 Rb8 31. Rhxd3 exd3 32. Rxd3 Be7 33. a4 Rc8 34. a5 Bc5 35. Nb5 Rb8 36. Nc7+ Ke7 37. Na6 Rhd8 38. Nxc5 Rxd3 39. Nxd3 Kd7 40. Kf1 Kc6 41. Ke2 Kb5 42. Ke3 Rd8 43.
b3 Rc8 44. Bd2 Rc2 45. g4 Ra2 46. f4 Ra3 47. Nc1 Ra1 48. Kd3 f6 49. Kc2 1-0

[Event "Early-Titled-Tuesday-Blitz-March-26-2024"]
[Site "Chess.com"]
[Date "2024.03.26"]
[Round "2"]
[White "Karttunen"]
[Black "ilya2700"]
[Result "1-0"]
[WhiteElo "2742"]
[BlackElo "2341"]
[TimeControl "180+1"]
[EndTime "8:17:34 PDT"]
[Termination "Karttunen won on time"]

1. e4 c5 2. Nf3 e6 3. d4 cxd4 4. Nxd4 Nf6 5. Nc3 Nc6 6. Bg5 Bb4 7. Nxc6 bxc6 8. Qd4 c5 9. Qe3 Qa5 10. f3 d5 11. Bxf6 d4 12. Bxd4 cxd4 13. Qxd4 O-O 14. a3 Rb8 15. O-O-O Bc5 16. Qd3 Bxa3 17. bxa3 Qxa3+ 18. Kd2 Ba6 19. Qxa6 Rfd8+ 20. Qd3 Rxd3+ 21. Bxd3 Rc8 22. Ne2 Qb4+ 23. Ke3 Qb6+ 24. Kd2 Qb4+ 25. c3 Qb2+ 26. Ke1 a5 27. Kf2 h6 28. Rb1 Qd2 29. Rhd1 Qg5 30. Rb5 Qf6 31. Rxa5 Qe7 32. Rda1 Qc7 33. g3 g6 34. Ra8 Rxa8 35. Rxa8+ Kg7 36. Ra4 Qc5+ 37. Kg2 Qe3 38. Ba6 Qd2 39. Rd4 Qa2 40. Bd3 Qd2 41.
e5 1-0

[Event "Early-Titled-Tuesday-Blitz-March-26-2024"]
[Site "Chess.com"]
[Date "2024.03.26"]
[Round "2"]
[White "emeli_chess"]
[Black "Alex_Banzea"]
[Result "1-0"]
[WhiteElo "2396"]
[BlackElo "2542"]
[TimeControl "180+1"]
[EndTime "8:17:34 PDT"]
[Termination "emeli_chess won on time"]

1. d4 Nf6 2. c4 g6 3. Nc3 Bg7 4. e4 d6 5. f3 O-O 6. Be3 a6 7. Qd2 Nc6 8. Nge2 Na5 9. Ng3 b5 10. Bh6 Nxc4 11. Bxc4 bxc4 12. h4 Bxh6 13. Qxh6 Rb8 14.
O-O-O c6 15. h5 Qb6 16. Rd2 e5 17. hxg6 fxg6 18. d5 c5 19. Nf1 Bd7 20. Ne3 Rf7 21. g4 a5 22. Nxc4 Qa6 23. Ne3 a4 24. a3 Be8 25. g5 Nh5 26. Ng4 Rxf3 27. Nf6+ Nxf6 28. gxf6 Rf1+ 29. Nd1 Qc4+ 30. Rc2 Rxd1+ 31. Rxd1 1-0